 Dungeon Crawl Stone Soup version 0.31-a0-1540-g5a0b83f448 (webtiles) character file.

Game seed: 9066267908089024874

192865 Jeffwins the Geomancer (level 18, -3/187 HPs)
             Began as an Oni Fire Elementalist on Jan 1, 2024.
             Was the Champion of Vehumet.
             Slain by a demonic crawler (4 damage)
             ... on level 1 of the Spider Nest.
             The game lasted 01:51:43 (39327 turns).

Jeffwins the Geomancer (Oni Fire Elementalist)     Turns: 39327, Time: 01:51:44

Health: -3/187     AC:  8    Str: 19    XL:     18   Next: 25%
Magic:  13/34      EV:  8    Int: 28    God:    Vehumet [******]
Gold:   1744       SH:  0    Dex:  9    Spells: 5/42 levels left

rFire   . . .        a - +2 rapier of the Extremely Mad {freeze, rPois}
rCold   . . .        M - +0 kite shield
rNeg    + + +        A - +0 troll leather armour
rPois   +            c - +0 hat {Will+}
rElec   +            K - scarf {repulsion}
rCorr   .            (gloves unavailable)
SInv    +            (boots unavailable)
Will    ++...        O - amulet of magic regeneration
Stlth   +            y - ring of the Distant Future {rElec rN+++ AC+4 Str+2 Slay-4 SInv}
HPRegen 1.31/turn    I - +6 ring of intelligence
MPRegen 0.64/turn

%: repel missiles
@: confused
A: large, unfitting armour, horns 1, tough skin 1, double potion healing,
drunken brawling
}: 1/15 runes: decaying
a: Renounce Religion


You were on level 1 of the Spider Nest.
You worshipped Vehumet.
Vehumet was exalted by your worship.
You visited 7 branches of the dungeon, and saw 29 of its levels.
You also visited: Gauntlet and Ice Cave.

You collected 3064 gold pieces.
You spent 1320 gold pieces at shops.


Innate Abilities, Weirdness & Mutations

You are too large for most types of armour.
You have a pair of small horns on your head.
You have tough skin. (AC +1)
You gain doubled healing and magic from potions.
Whenever you drink a healing potion, you attack all around you.


   Skills:
 + Level 13.5 Fighting
 - Level 2.0 Dodging
 - Level 2.0 Stealth
 + Level 8.5 Shields
 * Level 12.8 Spellcasting
 * Level 13.1 Conjurations
 - Level 8.0 Hexes
 * Level 11.8 Summonings
 - Level 4.0 Translocations
 - Level 10.0 Fire Magic
 * Level 13.7 Earth Magic
 + Level 8.5 Evocations


You had 5 spell levels left.
You knew the following spells:

 Your Spells              Type           Power      Damage    Failure   Level
a - Iskenderun's Battles  Conj           74%        2d12      1%          5
c - Orb of Destruction    Conj           37%        9d11      9%          7
d - Lee's Rapid Deconstr  Erth           38%        3d19*     1%          5
l - Foxfire               Conj/Fire      100%       2x1d9     1%          1
s - Scorch                Fire           100%       2d9       1%          2
v - Summon Mana Viper     Hex/Summ       65%        N/A       3%          5
x - Fireball              Conj/Fire      35%        3d15      1%          5
z - Stone Arrow           Conj/Erth      100%       3d13      1%          3
I - Blink                 Tloc           80%        N/A       2%          2
X - Mercury Vapours       Alch/Air       34%        N/A       3%          2

Your spell library contained the following spells:

 Spells                   Type           Power      Damage    Failure   Level
 Plasma Beam              Fire/Air       22%        2x1d34    36%         6
 Magic Dart               Conj           100%       1d8       1%          1
 Sting                    Conj/Alch      100%       1d9       1%          1
 Summon Small Mammal      Summ           100%       N/A       1%          1
 Call Imp                 Summ           100%       N/A       1%          2
 Jinxbite                 Hex            100%       N/A       1%          2
 Call Canine Familiar     Summ           71%        N/A       1%          3
 Inner Flame              Hex/Fire       62%        N/A       1%          3
 Mephitic Cloud           Conj/Alch/Air  42%        N/A       1%          3
 Passwall                 Erth           76%        N/A       1%          3
 Sigil of Binding         Hex            58%        N/A       1%          3
 Summon Ice Beast         Ice/Summ       50%        N/A       1%          3
 Volatile Blastmotes      Fire/Tloc      100%       2d18      1%          3
 Flame Wave               Conj/Fire      70%        2d16      1%          4
 Fulminant Prism          Conj/Alch      26%        3d14      1%          4
 Iskenderun's Mystic Bla  Conj/Tloc      60%        2d13      1%          4
 Summon Blazeheart Golem  Fire/Summ      68%        N/A       1%          4
 Ensorcelled Hibernation  Hex/Ice        80%        N/A       2%          2
 Sticky Flame             Fire/Alch      45%        2d9       2%          4
 Arcjolt                  Conj/Air       26%        1d36      4%          5
 Dimensional Bullseye     Hex/Tloc       25%        N/A       6%          4
 Freezing Cloud           Conj/Ice/Air   21%        6-21      10%         5
 Yara's Violent Unravell  Hex/Alch       20%        3d9       11%         5
 Sublimation of Blood     Necr           17%        N/A       12%         2
 Olgreb's Toxic Radiance  Alch           17%        N/A       19%         4
 Ozocubu's Armour         Ice            17%        N/A       22%         3
 Swiftness                Air            17%        N/A       22%         3
 Vhi's Electric Charge    Tloc/Air       58%        N/A       32%         4
 Metabolic Englaciation   Hex/Ice        20%        N/A       38%         5
 Monstrous Menagerie      Summ           35%        N/A       45%         7
 Summon Hydra             Summ           35%        N/A       45%         7
 Enfeeble                 Hex            29%        N/A       94%         7
 Shatter                  Erth           38%        3d30*     99%         9
 Sculpt Simulacrum        Ice/Alch       8%         N/A       100%        6
 Maxwell's Capacitive Co  Air            8%         ∞         100%        8
 Chain Lightning          Conj/Air       26%        3d35      100%        9
 Fire Storm               Conj/Fire      35%        8d9       100%        9

Inventory:

Hand Weapons
 a - the +2 rapier of the Extremely Mad (weapon) {freeze, rPois}
   (You found it on level 5 of the Lair of Beasts)

   rPois:     It protects you from poison
Missiles
 q - 9 curare-tipped darts {=f}
 w - 3 throwing nets {=f}
 B - 28 poisoned darts (quivered)
Armour
 c - a +0 hat of willpower (worn)
 A - a +0 troll leather armour (worn)
 K - a scarf of repulsion (worn)
 M - a +0 kite shield (worn)
 R - a +2 robe of cold resistance
Magical Staves
 G - a staff of air
 X - a staff of fire
Jewellery
 g - an amulet of regeneration
 y - the ring of the Distant Future (left hand) {rElec rN+++ AC+4 Str+2 Slay-4 SInv}
   (You found it in a Gauntlet)

   [ring of protection]

   AC+4:      It affects your AC (+4).
   Str+2:     It affects your strength (+2).
   Slay-4:    It affects your accuracy & damage with ranged weapons and melee
   (-4).
   rElec:     It insulates you from electricity.
   rN+++:     It renders you almost immune to negative energy.
   SInv:      It lets you see invisible.
 C - a ring of ice
 H - a ring of willpower
 I - a +6 ring of intelligence (right hand)
 O - an amulet of magic regeneration (around neck)
 Y - an amulet of reflection
Talismans
 Q - the serpent talisman of Xom {rCorr Dex+2 SInv Stlth-}
   (You took it off Aizul on level 1 of the Swamp)

   [serpent talisman]

   Dex+2:     It affects your dexterity (+2).
   SInv:      It lets you see invisible.
   rCorr:     It protects you from acid and corrosion.
   Stlth-:    It makes you less stealthy.
Wands
 h - a wand of flame (83)
 k - a wand of digging (2)
 r - a wand of charming (10)
 L - a wand of polymorph (22)
 N - a wand of roots (16)
Scrolls
 b - a scroll of butterflies
 f - a scroll of identify {@r1}
 i - 6 scrolls of vulnerability {!r}
 n - 5 scrolls of enchant armour
 p - 3 scrolls of revelation
 s - 4 scrolls of amnesia
 u - 2 scrolls of immolation {!r}
 v - 3 scrolls of poison {!r}
 E - 2 scrolls of teleportation {@r4}
 J - 2 scrolls of enchant weapon
 S - 3 scrolls of fog
 W - a scroll of blinking
Potions
 d - 4 potions of heal wounds {@q2}
 j - a potion of magic
 m - 3 potions of resistance
 t - 2 potions of berserk rage {!q}
 x - 2 potions of ambrosia
 z - a potion of mutation {!q}
 F - a potion of brilliance
 P - 2 potions of invisibility
 T - 7 potions of curing {@q1}
 V - 4 potions of haste {@q3}
Miscellaneous
 e - a phantom mirror
 l - a lightning rod (4/4)
 o - a sack of spiders (inert)
 D - a phial of floods (inert)
 U - a tin of tremorstones (2/2)

Dungeon Overview and Level Annotations

Branches:
Dungeon (15/15)            Temple (1/1) D:7            Lair (5/5) D:9
  Swamp (4/4) Lair:2       Spider (1/4) Lair:2        Slime (0/5) Lair:4
    Orc (2/2) D:11            Elf (0/3) Orc:2        Vaults (0/5) D:14
 Depths (1/4) D:15          IceCv (visited)         Gauntlet (visited)

Altars:
Ashenzari
Cheibriados
Dithmenos
Elyvilon
Fedhas
Gozag
Hepliaklqana
Kikubaaqudgha
Makhleb
Nemelex Xobeh
Okawaru
Qazlal
Ru
Sif Muna
Trog
Uskayaw
Vehumet
Wu Jian
Xom
Yredelemnul
Zin
The Shining One

Shops:
D:6 ! Orc:2

**=[ ## ....
##.......##..#......... .#
..###.~...^..##......#..... .####
#.##.~~......##............
....###○#.~~......##.............
.........#~~~.....#..........#.##
......##..#.....^^.#.........###
......^..###..s°s.##..........#
...###....###..ssB##.........#..
...###.....####.@###.........#..
...##.......# ##.# #........##
....#........###.####.......#
#............##....###.######
#...........###..........#
#.#.........##.......#.......
.#.........#.........###.....#
##.........##........# ....##
##.......##......^...# ..###


You could see a boulder beetle (very poisoned, ally target), a demonic crawler
(ally target), a tarantella, a friendly redback (summoned) and a friendly
scorpion (summoned).


Message History

The tarantella attacks as it pursues you!
The tarantella touches you!
* * * LOW HITPOINT WARNING * * *
The demonic crawler hits you!
* * * LOW HITPOINT WARNING * * *
The demonic crawler completely misses you.
The demonic crawler hits you.
* * * LOW HITPOINT WARNING * * *
Your redback barely misses the demonic crawler.
The tarantella touches you!
* * * LOW HITPOINT WARNING * * *
You are afflicted by dizzying energies!
You are confused.
The boulder beetle hits you!
* * * LOW HITPOINT WARNING * * *
The boulder beetle stops rolling and uncurls.
You're too confused to move!
The demonic crawler hits you!
* * * LOW HITPOINT WARNING * * *
The demonic crawler hits you but does no damage. x2
Your redback bites the demonic crawler!
The tarantella touches you!
* * * LOW HITPOINT WARNING * * *
You are afflicted by dizzying energies!
You are more confused.
Your scorpion stings the boulder beetle but does no damage.
The demonic crawler hits you!
* * * LOW HITPOINT WARNING * * *
The demonic crawler hits you but does no damage.
The demonic crawler hits you.
You die...

Skill      XL: |  1  2  3  4  5  6  7  8  9 10 11 12 13 14 15 16 17 18 |
---------------+-------------------------------------------------------+-----
Conjurations   | 1 2 3 4 5 6 7 8 9 10 11 12 13 | 13.1
Dodging        | 2 |  2.0
Fighting       | 1 2 3 4 5 6 7 8 9 10 11 12 13 | 13.5
Fire Magic     | 3 4 5 6 7 8 9 10 | 10.0
Stealth        | 2 |  2.0
Spellcasting   | 3 4 5 6 7 8 9 10 11 12 | 12.8
Evocations     | 1 2 3 4 5 6 7 8 |  8.5
Hexes          | 2 4 5 6 7 8 |  8.0
Summonings     | 2 4 5 6 7 8 9 10 11 | 11.8
Shields        | 1 2 3 4 5 6 7 8 |  8.5
Earth Magic    | 3 6 9 10 12 13 | 13.7
Translocations | 2 3 4 |  4.0

Action                     |  1- 3 |  4- 6 |  7- 9 | 10-12 | 13-15 | 16-18 || total
---------------------------+-------+-------+-------+-------+-------+-------++-------
  Melee: Unarmed           |    11 |       |       |       |       |       ||    11
         Headbutt          |     2 |     7 |     6 |    26 |    65 |     8 ||   114
         Spear             |    16 |       |       |       |       |       ||    16
         Scimitar          |     3 |    31 |       |       |       |       ||    34
         Falchion          |       |     5 |       |     8 |   199 |       ||   212
         Dire flail        |       |     7 |    18 |    69 |       |       ||    94
         Rapier            |       |       |       |       |     5 |    12 ||    17
  Throw: Dart              |       |       |       |    16 |    17 |       ||    33
   Cast: Foxfire           |    50 |    69 |   185 |   271 |   542 |   123 ||  1240
         Scorch            |     1 |    15 |    73 |   203 |   312 |     1 ||   605
         Summon Mana Viper |       |       |       |    34 |    73 |    27 ||   134
         Stone Arrow       |       |       |       |       |   264 |   242 ||   506
         Iskenderun's Batt |       |       |       |       |    31 |    36 ||    67
         Fireball          |       |       |       |       |       |   278 ||   278
         Orb of Destructio |       |       |       |       |       |    11 ||    11
  Evoke: Wand              |       |     1 |     1 |     2 |    18 |    21 ||    43
         Phial of floods   |       |       |       |     1 |     1 |     1 ||     3
         Lightning rod     |       |       |       |       |     8 |     4 ||    12
         Tin of tremorston |       |       |       |       |     5 |     1 ||     6
         Phantom mirror    |       |       |       |       |     2 |       ||     2
         Sack of spiders   |       |       |       |       |       |     2 ||     2
    Use: Potion            |       |     7 |       |     2 |     4 |     5 ||    18
         Scroll            |       |       |     7 |    10 |    13 |     7 ||    37
   Stab: Sleeping          |     1 |       |       |       |     1 |       ||     2
         Distracted        |       |       |       |     1 |     1 |       ||     2
 Armour: Robe              |    26 |    58 |    15 |       |       |       ||    99
         Troll leather arm |       |       |    54 |   245 |   659 |   396 ||  1354
         Skin              |       |       |       |    53 |       |       ||    53
  Dodge: Dodged            |    20 |    41 |    55 |   221 |   206 |   121 ||   664
         Repelled          |       |       |       |       |     4 |     8 ||    12
  Block: Other             |       |       |     8 |    60 |       |       ||    68
         Reflection        |       |       |       |     5 |    13 |       ||    18
         Kite shield       |       |       |       |    56 |   590 |   192 ||   838

Levels and vault maps discovered:
D:1:      heliophobic_arrival_battle_scene, layout_loops_cross
D:2:      layout_rooms, shapermc_ecumenical_altar_flowoftime
D:3:      layout_loops_ring, minmay_circle_x
D:4:      nicolae_cairo_tiling_large_dashed, layout_rooms, nrook_loot_triangle,
          st_stairs_12, dk_noncrumbling_2, minmay_crystal_room, dk_vineyard_3,
          minmay_manual_monolith, uniq_edmund
D:5:      layout_basic
D:6:      layout_basic, nicolae_stop_n_shop_1
D:7:      layout_loops_corners, minmay_temple_entry_gardened_gates
D:8:      layout_rooms, minmay_mini_ossuary
D:9:      layout_irregular_city, nicolae_kikubaaqudgha_miasma_corner,
          lair_entry_dummy, hangedman_abyss_or_decor_clamps, uniq_gastronok
D:10:     layout_stronghold, mainiacjoe_overflow_concentric_impassable,
          uniq_snorg, uniq_lodul
D:11:     layout_stronghold, orc_0_dummy, glass_columns_a
D:12:     layout_cave_pods, serial_park, serial_park_square3
          [serial_park_minivault_5x5_2], serial_park_tiny_pond,
          serial_park_avenue1, serial_park_gazebo [serial_park_minivault_5x5_5],
          nicolae_sif_muna_little_library, uniq_josephine
D:13:     layout_irregular_city, uniq_rupert, uniq_kirke
D:14:     layout_big_octagon, hellmonk_vaults_order_and_chaos, tso_altar,
          grunt_potential
D:15:     hangedman_depths_entry_try_elsewhere_first, layout_cave_pods,
          minmay_misc_feat_more_columns, minmay_misc_feat_secret_circle
Temple:   mainiacjoe_temple_big_plus
Lair:1:   layout_cave_pods, portal_ice_cave_entry_pillars_1,
          kennysheep_abandoned_house, infiniplex_staircase_pool_2, uniq_grum
Lair:2:   layout_loops_ring, alex1729_swamp_entry_worm_eleionoma,
          hellmonk_spider_entry_life_and_decay, grunt_megastairs_5
Lair:3:   lemuel_slime, layout_cave_pods, chequers_serial_rivers_micro_b
Lair:4:   layout_gridlike, minmay_slime_entry_oklob_open, serial_bayou_shore_b
Lair:5:   cheibrodos_lair_end_hotspot, layout_gridlike, st_stairs_4
Swamp:1:  layout_falls_marsh, evilmike_swamp_ruin_rubble_2, uniq_aizul,
          uniq_frances
Swamp:2:  layout_basic_swamp, nicolae_swamp_ascending_descending, swamp_pool_1_2
Swamp:3:  layout_basic_swamp, nicolae_swamp_ascending_descending_big
Swamp:4:  swamp_icy, layout_basic_swamp, swamp_pool_1_2
Spider:1: layout_chambers, nicolae_spider_eight_legs
Orc:1:    nicolae_orc_accident_2, layout_caves, uniq_erica
Orc:2:    grunt_orc_tribal_feast, layout_caves, gauntlet_entry_generic,
          bloody_makhleb, uniq_sonja
Depths:1: layout_long_grid, enter_ziggurat_f, serial_sigils,
          serial_sigils_hangedman_clutch, serial_sigils_hangedman_snap,
          serial_sigils_hangedman_shear, serial_sigils_hangedman_scratch,
          serial_sigils_hangedman_quiver, hell_entry, serial_shops, shop,
          nemelex_lonely_heart_becter, rand_demon_pan_entry_1,
          hangedman_blasphemy, uniq_boris

Notes
Turn   | Place    | Note
-------+----------+-------------------------------------------
     0 | D:1      | Jeffwins the Oni Fire Elementalist began the quest for the
                  | Orb.
     0 | D:1      | Reached XP level 1. HP: 16/16 MP: 3/3
    40 | D:1      | Reached skill level 1 in Conjurations
   166 | D:1      | Reached XP level 2. HP: 26/26 MP: 0/5
   387 | D:1      | Reached skill level 2 in Dodging
   506 | D:1      | Learned a level 2 spell: Scorch
   705 | D:2      | Found a faded altar of an unknown god.
   731 | D:2      | Reached skill level 1 in Fighting
   731 | D:2      | Reached skill level 3 in Fire Magic
   731 | D:2      | Reached XP level 3. HP: 28/33 MP: 0/6
  1534 | D:3      | Reached XP level 4. HP: 41/41 MP: 4/8
  1707 | D:3      | Reached skill level 2 in Conjurations
  1715 | D:3      | HP: 4/41 [burnt (3)]
  1716 | D:3      | HP: 1/41 [burnt (4)]
  1717 | D:3      | Reached skill level 2 in Stealth
  2039 | D:3      | Reached XP level 5. HP: 40/49 MP: 2/9
  2051 | D:3      | Reached skill level 2 in Fighting
  2051 | D:3      | Reached skill level 3 in Spellcasting
  2458 | D:4      | Noticed Edmund
  2490 | D:4      | Killed Edmund
  2491 | D:4      | Reached skill level 4 in Fire Magic
  2491 | D:4      | Reached XP level 6. HP: 31/59 MP: 3/10
  2620 | D:4      | Reached skill level 3 in Conjurations
  2871 | D:4      | Reached skill level 1 in Evocations
  3371 | D:5      | Entered Level 5 of the Dungeon
  3414 | D:5      | Reached skill level 3 in Fighting
  3495 | D:5      | Reached XP level 7. HP: 67/67 MP: 6/12
  3772 | D:5      | Reached skill level 4 in Spellcasting
  4081 | D:5      | Reached skill level 4 in Conjurations
  4331 | D:5      | Reached skill level 5 in Fire Magic
  4564 | D:5      | Reached skill level 4 in Fighting
  4564 | D:5      | Reached skill level 2 in Evocations
  4564 | D:5      | Reached XP level 8. HP: 78/78 MP: 5/14
  5005 | D:6      | Noticed a troll
  5014 | D:6      | Killed a troll
  5221 | D:6      | Found Rydox's Distillery.
  5258 | D:6      | Reached skill level 5 in Conjurations
  5301 | D:6      | Reached skill level 5 in Fighting
  5430 | D:6      | Bought a potion of heal wounds for 60 gold pieces
  5430 | D:6      | Bought 2 potions of curing for 72 gold pieces
  5430 | D:6      | Bought a potion of curing for 36 gold pieces
  5430 | D:6      | Bought a potion of curing for 36 gold pieces
  5430 | D:6      | Bought a potion of lignification for 36 gold pieces
  5468 | D:6      | Reached skill level 5 in Spellcasting
  5468 | D:6      | Reached skill level 6 in Fire Magic
  5752 | D:6      | Reached XP level 9. HP: 88/88 MP: 10/16
  5758 | D:6      | Learned a level 5 spell: Summon Mana Viper
  6094 | D:7      | Reached skill level 1 in Hexes
  6094 | D:7      | Reached skill level 1 in Summonings
  6252 | D:7      | Found a staircase to the Ecumenical Temple.
  6285 | Temple   | Entered the Ecumenical Temple
  6316 | Temple   | Became a worshipper of Vehumet
  6601 | D:7      | Reached skill level 3 in Evocations
  7080 | D:7      | Reached skill level 2 in Summonings
  7185 | D:7      | Noticed a hornet
  7195 | D:7      | Killed a hornet
  7196 | D:7      | Reached skill level 2 in Hexes
  7529 | D:7      | Reached skill level 6 in Fighting
  7708 | D:8      | Reached skill level 6 in Conjurations
  7761 | D:8      | Reached * piety under Vehumet
  7761 | D:8      | Offered knowledge of Freeze by Vehumet.
  7762 | D:8      | Reached skill level 1 in Shields
  8121 | D:8      | Reached XP level 10. HP: 98/98 MP: 10/18
  8459 | D:9      | Found a staircase to the Lair.
  8512 | D:9      | Noticed a boulder beetle
  8531 | D:9      | Killed a boulder beetle
  8532 | D:9      | Reached skill level 6 in Spellcasting
  8532 | D:9      | Reached skill level 3 in Hexes
  8532 | D:9      | Reached skill level 3 in Summonings
  8532 | D:9      | Reached skill level 7 in Fire Magic
  8871 | D:8      | Reached skill level 2 in Shields
  8999 | D:9      | Noticed a cyclops
  9010 | D:9      | Killed a cyclops
  9081 | D:9      | Noticed Gastronok
  9195 | D:9      | Killed Gastronok
  9196 | D:9      | Reached skill level 7 in Fighting
  9196 | D:9      | Reached skill level 7 in Conjurations
  9196 | D:9      | Reached skill level 4 in Hexes
  9196 | D:9      | Reached skill level 4 in Summonings
  9196 | D:9      | Reached skill level 4 in Evocations
  9196 | D:9      | Reached XP level 11. HP: 109/109 MP: 3/20
  9550 | D:9      | Found an ancient bone altar of Kikubaaqudgha.
  9980 | D:10     | Entered Level 10 of the Dungeon
 10031 | D:10     | Found a bloodstained altar of Trog.
 10073 | D:10     | Noticed Snorg
 10098 | D:10     | Reached ** piety under Vehumet
 10098 | D:10     | Offered knowledge of Mercury Vapours by Vehumet.
 10266 | D:10     | Killed Snorg
 10267 | D:10     | Reached skill level 3 in Shields
 10394 | D:10     | Noticed a two-headed ogre
 10402 | D:10     | Killed a two-headed ogre
 10403 | D:10     | Reached skill level 8 in Fire Magic
 10406 | D:10     | Learned a level 2 spell: Mercury Vapours
 10852 | D:10     | Noticed Lodul
 11126 | D:10     | Reached skill level 5 in Hexes
 11126 | D:10     | Reached skill level 5 in Summonings
 11212 | D:10     | Reached skill level 7 in Spellcasting
 11656 | D:10     | Reached skill level 8 in Fighting
 11663 | D:10     | Killed Lodul
 11910 | D:11     | Noticed a cyclops
 11919 | D:11     | Killed a cyclops
 12028 | D:11     | Reached XP level 12. HP: 120/120 MP: 3/22
 12132 | D:11     | You fall into a shaft and drop 2 floors!
 12153 | D:12     | Noticed a boulder beetle
 12167 | D:12     | Killed a boulder beetle
 12168 | D:12     | Reached skill level 8 in Conjurations
 12280 | D:12     | Offered knowledge of Stone Arrow by Vehumet.
 12376 | D:12     | Found a hide-covered altar of Uskayaw.
 12409 | D:12     | Reached skill level 4 in Shields
 12409 | D:12     | Reached skill level 5 in Evocations
 12418 | D:12     | Learned a level 3 spell: Stone Arrow
 12654 | D:12     | Noticed a two-headed ogre
 12660 | D:12     | Killed a two-headed ogre
 12661 | D:12     | Reached skill level 1 in Earth Magic
 12698 | D:12     | Noticed Josephine
 12700 | D:12     | Reached *** piety under Vehumet
 12733 | D:12     | Reached skill level 6 in Summonings
 12749 | D:12     | Killed Josephine
 12750 | D:12     | Reached skill level 6 in Hexes
 12752 | D:12     | Reached skill level 2 in Earth Magic
 13298 | D:11     | Noticed a boulder beetle
 13310 | D:11     | Killed a boulder beetle
 13491 | D:11     | Found a staircase to the Orcish Mines.
 13780 | D:11     | Offered knowledge of Frozen Ramparts by Vehumet.
 13945 | D:11     | Reached skill level 9 in Fire Magic
 14148 | D:12     | Reached skill level 3 in Earth Magic
 14245 | D:12     | Found a shimmering blue altar of Sif Muna.
 14593 | Lair:1   | Entered Level 1 of the Lair of Beasts
 14789 | Lair:1   | Noticed Grum
 14791 | Lair:1   | Noticed a boulder beetle
 14974 | Lair:1   | Found a frozen archway.
 14995 | IceCv    | Entered an ice cave
 15301 | IceCv    | Upgraded the game from 0.31-a0-1529-g7bd419a0e5 to
                  | 0.31-a0-1540-g5a0b83f448
 15458 | IceCv    | Reached skill level 9 in Fighting
 15815 | IceCv    | Reached XP level 13. HP: 120/131 MP: 15/24
 15819 | IceCv    | Reached skill level 4 in Earth Magic
 15846 | IceCv    | Reached **** piety under Vehumet
 16298 | Lair:1   | Offered knowledge of Brom's Barrelling Boulder by Vehumet.
 16300 | Lair:1   | Reached skill level 8 in Spellcasting
 16712 | Lair:1   | Reached skill level 9 in Conjurations
 17040 | Lair:1   | Killed Grum
 17198 | Lair:1   | Reached skill level 7 in Hexes
 17198 | Lair:1   | Reached skill level 5 in Earth Magic
 17381 | Lair:1   | Reached skill level 7 in Summonings
 17740 | Lair:2   | Reached skill level 5 in Shields
 18041 | Lair:2   | Reached ***** piety under Vehumet
 18176 | Lair:2   | Offered knowledge of Orb of Destruction by Vehumet.
 18373 | Lair:2   | Learned a level 7 spell: Orb of Destruction
 18591 | Lair:2   | Reached skill level 6 in Earth Magic
 18916 | Lair:2   | Found a staircase to the Swamp.
 18916 | Lair:2   | Noticed an eleionoma
 18934 | Lair:2   | Killed an eleionoma
 19336 | Lair:2   | Found a hole to the Spider Nest.
 19839 | Lair:3   | Reached XP level 14. HP: 141/141 MP: 17/26
 19956 | Lair:3   | Identified the +0 plate armour of Zin's Favour {rElec
                  | Will++}
 20182 | Lair:3   | Reached skill level 10 in Fighting
 20367 | Lair:3   | Reached skill level 7 in Earth Magic
 20373 | Lair:3   | Reached skill level 10 in Fire Magic
 20410 | Lair:3   | Reached skill level 6 in Evocations
 21536 | Lair:4   | Found a staircase to the Slime Pits.
 21634 | Lair:4   | Identified the +7 falchion "Jeah" {flame, rC- Int+2 Dex+3}
 21667 | Lair:4   | Learned a level 2 spell: Blink
 21752 | Lair:4   | Reached skill level 8 in Summonings
 21756 | Lair:4   | Reached skill level 8 in Hexes
 22276 | Lair:4   | Offered knowledge of Starburst by Vehumet.
 22646 | Lair:4   | Reached skill level 1 in Translocations
 22846 | Lair:4   | Reached skill level 8 in Earth Magic
 23170 | Lair:5   | Entered Level 5 of the Lair of Beasts
 23176 | Lair:5   | Reached skill level 10 in Conjurations
 23702 | Lair:5   | Reached skill level 9 in Spellcasting
 24191 | Lair:5   | Reached skill level 6 in Shields
 24502 | Lair:5   | Found a large runed translucent door.
 24502 | Lair:5   | Found a large runed translucent door.
 24690 | Lair:5   | Reached skill level 2 in Translocations
 24922 | Lair:5   | Reached skill level 9 in Earth Magic
 25213 | Lair:5   | Reached XP level 15. HP: 152/152 MP: 16/28
 25418 | Lair:5   | Offered knowledge of Iskenderun's Battlesphere by Vehumet.
 25554 | Lair:5   | Reached skill level 11 in Fighting
 26201 | Lair:5   | Identified the +2 rapier of the Extremely Mad {freeze,
                  | rPois}
 26496 | Lair:5   | Reached skill level 9 in Summonings
 26833 | Lair:5   | Learned a level 5 spell: Iskenderun's Battlesphere
 27252 | Orc:1    | Entered Level 1 of the Orcish Mines
 27349 | Orc:2    | Entered Level 2 of the Orcish Mines
 27437 | Orc:2    | Found a gate leading to a gauntlet.
 27454 | Orc:2    | Noticed Sonja
 27479 | Orc:2    | Killed Sonja
 27501 | Gauntlet | Entered a Gauntlet
 27501 | Gauntlet | Found a transporter.
 27617 | Gauntlet | Found a transporter.
 27618 | Gauntlet | Found a transporter.
 27619 | Gauntlet | Found a transporter.
 27622 | Gauntlet | Found a transporter.
 27623 | Gauntlet | Found a transporter.
 27632 | Gauntlet | Found a transporter.
 27635 | Gauntlet | Found a transporter.
 27647 | Gauntlet | Found a large runed translucent door.
 27647 | Gauntlet | Found a large runed translucent door.
 27648 | Gauntlet | Found a large runed translucent door.
 27649 | Gauntlet | Found a large runed translucent door.
 27650 | Gauntlet | Found a runed translucent gate.
 27651 | Gauntlet | Found a transporter.
 27651 | Gauntlet | Found a runed translucent gate.
 27652 | Gauntlet | Found a runed translucent gate.
 27652 | Gauntlet | Found a large runed translucent door.
 27653 | Gauntlet | Found a large runed translucent door.
 27653 | Gauntlet | Found a large runed translucent door.
 27654 | Gauntlet | Found a large runed translucent door.
 27655 | Gauntlet | Found a large runed translucent door.
 27664 | Gauntlet | Found a large runed translucent door.
 27664 | Gauntlet | Found a large runed translucent door.
 27664 | Gauntlet | Found a runed translucent door.
 27664 | Gauntlet | Found a runed translucent door.
 27665 | Gauntlet | Found a large runed translucent door.
 27666 | Gauntlet | Found a large runed translucent door.
 27668 | Gauntlet | Found a transporter.
 27672 | Gauntlet | Found a transporter.
 27675 | Gauntlet | Found a large runed translucent door.
 27675 | Gauntlet | Found a large runed translucent door.
 27680 | Gauntlet | Found a transporter.
 27704 | Gauntlet | Found a large runed translucent door.
 27834 | Gauntlet | HP: 12/154 [blizzard demon/bolt of cold (22)]
 27966 | Gauntlet | Identified the ring of the Distant Future {rElec rN+++ AC+4
                  | Str+2 Slay-4 SInv}
 28051 | Gauntlet | Identified the +6 lajatang "Tuclu" {elec, rElec rC++ Str+2}
 28552 | Orc:1    | Noticed Erica
 28558 | Orc:1    | Killed Erica
 28643 | Orc:1    | Reached skill level 3 in Translocations
 28958 | Orc:2    | Found a staircase to the Elven Halls.
 28975 | Orc:2    | Found a burning altar of Makhleb.
 29289 | Orc:1    | Reached skill level 10 in Earth Magic
 30071 | Orc:2    | Reached skill level 11 in Conjurations
 30191 | Orc:2    | Found Dogh's Jewellery Emporium.
 30191 | Orc:2    | Found Icuoram's Armour Shop.
 30193 | Orc:2    | Found Ivyrraug's Assorted Antiques.
 30193 | Orc:2    | Found Feofol's General Store.
 30201 | Orc:2    | Bought a brown potion for 30 gold pieces
 30201 | Orc:2    | Bought a scroll of blinking for 255 gold pieces
 30201 | Orc:2    | Bought a brass wand for 136 gold pieces
 30204 | Orc:2    | Bought a scroll of amnesia for 52 gold pieces
 30204 | Orc:2    | Bought a scroll of revelation for 97 gold pieces
 30211 | Orc:2    | Bought an amulet of magic regeneration for 510 gold pieces
 30472 | D:13     | Offered knowledge of Irradiate by Vehumet.
 30568 | D:13     | Noticed Rupert
 30576 | D:12     | Reached skill level 7 in Evocations
 30826 | D:13     | Killed Rupert
 31192 | D:13     | Noticed Kirke
 31198 | D:13     | Noticed a sphinx
 31203 | D:13     | Killed Kirke
 31204 | D:13     | Reached skill level 10 in Spellcasting
 31284 | D:13     | Identified 3 potions of resistance
 31693 | D:14     | Reached skill level 7 in Shields
 31736 | D:14     | Reached XP level 16. HP: 141/165 MP: 27/30
 31799 | D:14     | Reached skill level 11 in Earth Magic
 32119 | D:14     | Reached skill level 4 in Translocations
 32207 | D:14     | Identified the +1 scale mail of the Ego {rCorr Int-4
                  | Slay+3}
 32406 | D:14     | Found a glowing golden altar of the Shining One.
 32465 | D:14     | Reached skill level 12 in Fighting
 32465 | D:14     | Reached skill level 10 in Summonings
 32620 | D:14     | Found a gate to the Vaults.
 32655 | D:15     | Entered Level 15 of the Dungeon
 33208 | D:15     | Reached ****** piety under Vehumet
 33288 | D:15     | Offered knowledge of Fireball by Vehumet.
 33660 | D:15     | Reached skill level 11 in Spellcasting
 33702 | D:15     | Reached skill level 12 in Earth Magic
 34074 | D:15     | Found a staircase to the Depths.
 34103 | D:15     | Reached skill level 12 in Conjurations
 34219 | Depths:1 | Entered Level 1 of the Depths
 34641 | Swamp:1  | Entered Level 1 of the Swamp
 34760 | Lair:2   | Reached XP level 17. HP: 154/175 MP: 22/32
 34952 | Swamp:1  | Learned a level 5 spell: Fireball
 34971 | Swamp:1  | Identified the serpent talisman of Xom {rCorr Dex+2 SInv
                  | Stlth-}
 34971 | Swamp:1  | Noticed Aizul
 34979 | Swamp:1  | Killed Aizul
 34980 | Swamp:1  | Noticed Frances
 35037 | Swamp:1  | Killed Frances
 35547 | Swamp:2  | Paralysed by a hornet for 3 turns
 35799 | Swamp:2  | Reached skill level 13 in Earth Magic
 35866 | Swamp:1  | Reached skill level 11 in Summonings
 35929 | Swamp:1  | Offered knowledge of Lee's Rapid Deconstruction by Vehumet.
 35936 | Swamp:1  | Learned a level 5 spell: Lee's Rapid Deconstruction
 36209 | Swamp:2  | Identified the +3 ring mail "Kanlipynoa" {rPois rF- rC+
                  | Slay+2}
 36428 | Swamp:3  | Reached skill level 8 in Evocations
 36430 | Swamp:3  | Noticed a tentacled monstrosity
 36479 | Swamp:3  | Reached skill level 13 in Fighting
 36498 | Swamp:3  | Reached skill level 8 in Shields
 36685 | Swamp:2  | Reached skill level 12 in Spellcasting
 37179 | Swamp:3  | Killed a tentacled monstrosity
 37231 | Swamp:3  | Identified the +2 scale mail of Wu Jian, Glowing {rC+}
 37554 | Swamp:4  | Entered Level 4 of the Swamp
 38375 | Swamp:4  | Reached XP level 18. HP: 185/185 MP: 15/34
 38380 | Swamp:4  | Offered knowledge of Plasma Beam by Vehumet.
 38425 | Swamp:4  | Got a decaying rune of Zot
 38666 | Spider:1 | Entered Level 1 of the Spider Nest
 38857 | Spider:1 | Reached skill level 13 in Conjurations
 39327 | Spider:1 | HP: 14/187 [tarantella (12)]
 39327 | Spider:1 | HP: 1/187 [demonic crawler (13)]
 39327 | Spider:1 | Slain by a demonic crawler

Vanquished Creatures
  Rupert (D:13)
  A tentacled monstrosity (Swamp:3)
  A thorn hunter (Swamp:4)
  Frances (Swamp:1)
  Kirke (D:13)
  A fenstrider witch (Swamp:3)
  An azure jelly (Swamp:4)
  2 ghouls
  A very ugly thing (D:15)
  A dire elephant (D:15)
  6 eleionomae
  4 bunyips
  A minotaur (Gauntlet)
  Josephine (D:12)
  An entropy weaver (shapeshifter) (D:13)
  A shambling mangrove (Swamp:2)
  3 ice dragons (Swamp:4)
  A ghost crab (Swamp:3)
  10 hydras
  2 ogre magi
  Erica (Orc:1)
  9 alligators
  11 boulder beetles
  A centaur warrior (D:14)
  9 two-headed ogres
  5 hell hogs
  4 tengu warriors (D:15)
  2 death yaks (Lair:4)
  3 orc high priests
  A demonic crawler (Lair:2)
  4 pharaoh ants
  14 skeletal warriors
  4 goliath frogs
  A sun moth (Spider:1)
  A spriggan druid (Swamp:4)
  A bog body (Lair:2)
  4 swamp dragons
  3 orb spiders (Spider:1)
  A deep elf pyromancer (D:15)
  A lindwurm (Lair:5)
  4 orc knights
  6 wolf spiders
  4 cyclopes
  3 orc sorcerers (Orc:2)
  3 oklob plants (Lair:4)
  17 ugly things
  3 manticores
  A kobold blastminer (Orc:1)
  2 will-o-the-wisps
  An ice statue (IceCv)
  15 elephants
  A salamander (D:15)
  3 black mambas (Lair:5)
  3 molten gargoyles
  2 unseen horrors
  4 cane toads
  2 torpor snails
  6 freezing wraiths
  4 rime drakes
  11 komodo dragons
  4 tengu conjurers
  A bloated husk (Swamp:2)
  4 trolls
  5 nameless horrors
  6 tyrant leeches
  14 hornets
  6 dream sheep
  A tarantella (Spider:1)
  3 polar bears
  5 blink frogs
  3 jumping spiders
  A jumping spider (shapeshifter) (D:14)
  15 slime creatures
  12 culicivoras
  A vampire (D:11)
  3 shadows (Gauntlet)
  2 dire elephant simulacra (IceCv)
  13 spriggans
  3 wraiths
  29 yaks
  6 wyverns
  A fire bat (Lair:4)
  A human (D:13)
  5 basilisks
  5 hogs (D:13)
  3 redbacks (Spider:1)
  2 steam dragons
  20 vampire mosquitoes
  4 swamp worm simulacra (Swamp:4)
  2 harpy simulacra
  2 death yak simulacra (IceCv)
  Edmund (D:4)
  14 hydra simulacra (Swamp:4)
  12 swamp worms
  3 hell hounds (Lair:5)
  An acid dragon (D:14)
  13 water moccasins
  15 orc warriors
  A sky beast (D:8)
  An ice beast (D:5)
  3 swamp drakes (Swamp:2)
  4 black bears
  14 ogres
  29 wolves
  A phantom (D:7)
  6 centaurs
  A kobold brigand (D:6)
  11 bullfrogs
  2 gnoll sergeants
  4 scorpions
  A cane toad simulacrum (IceCv)
  An elephant simulacrum (IceCv)
  20 killer bees
  An electric eel (Lair:4)
  A howler monkey (D:6)
  8 jellies
  4 lava snakes (Lair:5)
  A hound (D:5)
  2 centaur zombies (D:8)
  13 orc priests
  3 bombardier beetles
  A gnoll bouda (D:8)
  A sleepcap (D:7)
  2 iguanas (D:6)
  19 orc wizards
  2 hell rats (Lair:1)
  2 polar bear simulacra (IceCv)
  2 killer bee zombies (D:8)
  A mummy (D:8)
  11 gnolls
  8 adders
  7 river rats (Lair:1)
  2 white imps
  4 swamp drake simulacra (Swamp:4)
  4 ribbon worms
  50 orcs
  13 endoplasms
  5 giant cockroaches
  9 goblins
  3 hobgoblins
  6 kobolds
  2 quokkas
  7 ball pythons
  4 bats
  4 frilled lizards
  10 rats
768 creatures vanquished.

Vanquished Creatures (collateral kills)
  Gastronok (D:9)
  Aizul (Swamp:1)
  A ghoul (Swamp:1)
  2 bunyips (Swamp:1)
  An eleionoma (Lair:2)
  Snorg (D:10)
  A vault guard (D:14)
  A hydra (Lair:2)
  2 boulder beetles
  5 two-headed ogres
  An alligator (Swamp:1)
  Sonja (Orc:2)
  A skyshark (Lair:3)
  Lodul (D:10)
  2 skeletal warriors (D:15)
  A glowing orange brain (D:14)
  An orc knight (Orc:2)
  A manticore (D:12)
  6 ugly things
  2 ice statues (IceCv)
  3 black mambas
  8 elephants
  A torpor snail (Lair:2)
  3 cane toads
  4 komodo dragons
  A nameless horror (Lair:4)
  A troll (shapeshifter) (D:13)
  4 dream sheep
  2 blink frogs (Lair:2)
  A shadow (D:12)
  30 yaks
  6 wraiths (D:12)
  A fire bat (Lair:4)
  Grum (Lair:1)
  2 vampires (D:12)
  A basilisk (Lair:1)
  2 vampire mosquitoes
  A water moccasin (Lair:2)
  2 acid dragons
  A hell hound (Lair:5)
  An orc warrior (Orc:2)
  7 wolves
  2 centaurs
  4 ogres (D:10)
  A bullfrog (Lair:4)
  A scorpion (Lair:1)
  2 killer bees (D:10)
  A lava snake (Lair:5)
  An orc priest (Orc:2)
  A gnoll (D:9)
  2 river rats (Lair:1)
  A kobold (D:4)
  9 foxfires
141 creatures vanquished.

Vanquished Creatures (others)
  An ugly thing (D:13)
  A black bear (D:7)
  An endoplasm (D:4)
  2197 foxfires
2200 creatures vanquished.

Grand Total: 3109 creatures vanquished

Table legend: (Time is in decaauts)
 A = Elapsed time spent in this place.
 B = Non-inter-level travel time spent in this place.
 C = Inter-level travel time spent in this place.
 D = Time resting spent in this place.
 E = Time spent auto-exploring this place.
 F = Levels seen in this place.
 G = Mean time per level.
                   A        B        C        D        E       F      G
               +--------+--------+--------+--------+--------+-----+--------+
         Total |  39682 |  37746 |   1936 |   4239 |  26918 |  31 | 1280.1 |
       Dungeon |  18807 |  17958 |    849 |    995 |  14122 |  15 | 1253.8 |
        Temple |     61 |      2 |     59 |      0 |      0 |   1 |   61.0 |
          Lair |  12466 |  11921 |    545 |   1349 |   8467 |   5 | 2493.2 |
         Swamp |   3715 |   3373 |    342 |    768 |   1968 |   4 |  928.8 |
   Spider Nest |    346 |    330 |     16 |     49 |    159 |   1 |  346.0 |
  Orcish Mines |   2493 |   2396 |     97 |    449 |   1511 |   2 | 1246.5 |
        Depths |    203 |    177 |     26 |     39 |     82 |   1 |  203.0 |
      Ice Cave |   1025 |   1025 |      0 |    439 |    371 |   1 | 1025.0 |
      Gauntlet |    561 |    561 |      0 |    151 |    238 |   1 |  561.0 |
               +--------+--------+--------+--------+--------+-----+--------+

Top non-repeatable levels by time:
  Lair:5: 3403 daAuts
  Lair:2: 2808 daAuts
  Lair:4: 2248 daAuts
  Lair:1: 2132 daAuts
  Lair:3: 1873 daAuts
    D:10: 1870 daAuts
     D:5: 1797 daAuts
     D:9: 1610 daAuts
    D:15: 1604 daAuts
     D:7: 1575 daAuts
    D:11: 1560 daAuts
    D:13: 1467 daAuts
    D:12: 1452 daAuts
   Orc:1: 1424 daAuts
   Orc:2: 1069 daAuts

Table legend:
 A = Non-vault XP
 B = Vault XP
 C = Vault XP percentage of total XP
 D = Non-vault monster count
 E = Vault monster count
 F = Vault count percentage of total count
                 A         B        C        D         E       F
            +---------+---------+-------+---------+---------+-------
      Total |  184542 |   77622 |  29.6 |     639 |     255 |  28.5
            +---------+---------+-------+---------+---------+-------
        D:1 |      20 |       0 |   0.0 |      13 |       0 |   0.0
        D:2 |      46 |       0 |   0.0 |      11 |       0 |   0.0
        D:3 |      70 |      70 |  50.0 |      14 |       7 |  33.3
        D:4 |      19 |     298 |  94.0 |      10 |       5 |  33.3
        D:5 |     838 |       0 |   0.0 |      23 |       0 |   0.0
        D:6 |    1149 |       0 |   0.0 |      19 |       0 |   0.0
        D:7 |    1475 |       0 |   0.0 |      23 |       0 |   0.0
        D:8 |     784 |     166 |  17.5 |      11 |       5 |  31.2
        D:9 |    4239 |    1739 |  29.1 |      29 |       3 |   9.4
       D:10 |    3781 |    2555 |  40.3 |      27 |       9 |  25.0
       D:11 |    3648 |       0 |   0.0 |      17 |       0 |   0.0
       D:12 |    4802 |    3052 |  38.9 |      17 |      10 |  37.0
       D:13 |    9966 |    6959 |  41.1 |      22 |      13 |  37.1
       D:14 |    4048 |   11376 |  73.8 |      10 |      19 |  65.5
       D:15 |   26768 |    3182 |  10.6 |      42 |       4 |   8.7
     Lair:1 |    7211 |     795 |   9.9 |      30 |      21 |  41.2
     Lair:2 |   13127 |    4339 |  24.8 |      48 |      11 |  18.6
     Lair:3 |    8075 |     544 |   6.3 |      22 |      19 |  46.3
     Lair:4 |   11030 |    1672 |  13.2 |      35 |       3 |   7.9
     Lair:5 |   14474 |    9127 |  38.7 |      51 |      29 |  36.2
    Swamp:1 |    9977 |    2822 |  22.0 |      23 |       2 |   8.0
    Swamp:2 |   11317 |       0 |   0.0 |      24 |       0 |   0.0
    Swamp:3 |   19309 |       0 |   0.0 |      33 |       0 |   0.0
    Swamp:4 |   14296 |    8310 |  36.8 |      23 |      30 |  56.6
   Spider:1 |    8284 |    2991 |  26.5 |      19 |       6 |  24.0
      Orc:1 |    1195 |    4140 |  77.6 |      15 |      10 |  40.0
      Orc:2 |    1861 |    5991 |  76.3 |      23 |      27 |  54.0
   Depths:1 |    2733 |    2402 |  46.8 |       5 |       3 |  37.5
      IceCv |       0 |    3473 | 100.0 |       0 |      14 | 100.0
   Gauntlet |       0 |    1619 | 100.0 |       0 |       5 | 100.0
            +---------+---------+-------+---------+---------+-------
